 Dungeon Crawl Stone Soup version 0.16-a0-2072-gc0ac6de (webtiles) character file.

778 PolkaDot the Summoner (level 7, -7/54 HPs)
             Began as a Vampire Summoner on Nov 11, 2014.
             Killed by divine providence
             ... invoked by an orc priest
              (16 damage)
             ... on level 6 of the Dungeon.
             The game lasted 00:27:56 (4643 turns).

PolkaDot the Summoner (Vampire Summoner)            Turns: 4643, Time: 00:27:56

Health: -7/54      AC:  3    Str:  5    XL:     7   Next: 54%
Magic:  2/12       EV: 12    Int: 19    God:
Gold:   169        SH:  0    Dex: 14    Spells: 3 memorised, 4 levels left

rFire  . . .     SeeInvis +     a - +0 long sword
rCold  . . .     Clarity  .     i - +0 robe
rNeg   + . .     SustAb   .     (no shield)
rPois  .         Gourm    .     (no helmet)
rElec  .         Spirit   .     r - +0 cloak
rCorr  .         Warding  .     (no gloves)
rMut   .         Stasis   .     (no boots)
MR     .....                    f - amulet of regeneration
Stlth  ++........               (no ring)
                                (no ring)

@: very slightly contaminated, hasted, very quick, not resistant to hostile
enchantments, unstealthy
A: bottle blood, fangs 3, hooves 1, see invisible, mutation resistance 1, weak
1, unbreathing, MP-powered wands 1
a: Bat Form, Bottle Blood


You were on level 6 of the Dungeon.
You were not thirsty.

You visited 1 branch of the dungeon, and saw 6 of its levels.
You also visited: Ossuary.

You collected 169 gold pieces.

Inventory:

Hand weapons
 a - a +0 long sword (weapon)
 b - a +0 hunting sling
Missiles
 j - 14 silver sling bullets
 l - 37 sling bullets
 m - 37 stones (quivered)
 B - 12 throwing nets
Armour
 i - a +0 robe (worn)
 r - a +0 cloak (worn)
Jewellery
 f - an amulet of regeneration (around neck)
Magical devices
 e - a wand of lightning (6)
Scrolls
 g - a scroll of magic mapping
 o - a scroll of enchant weapon {unknown}
 p - a scroll of enchant armour {unknown}
 q - a scroll of fog {unknown}
 s - a scroll of immolation {unknown}
 y - a scroll of noise {unknown}
 A - 2 scrolls of holy word
Potions
 t - 2 potions of resistance
 u - 4 potions of agility
Books
 h - a book of Callings

   Spells                             Type                      Level
   *Summon Small Mammal               Summoning                    1
   *Call Imp                          Summoning                    2
   *Call Canine Familiar              Summoning                    3
   Summon Guardian Golem              Hexes/Summoning              4
   Summon Lightning Spire             Summoning/Air                4
   Summon Ice Beast                   Ice/Summoning                4


   Skills:
 + Level 4.0 Fighting
 - Level 2.1 Dodging
 - Level 3.0 Stealth
 - Level 2.0 Spellcasting
 * Level 8.1 Summonings


You had 4 spell levels left.
You knew the following spells:

 Your Spells              Type           Power        Failure   Level  Hunger
a - Summon Small Mammal   Summ           ####         1%          1    #......
d - Call Canine Familiar  Summ           ####....     1%          3    ###....
s - Call Imp              Summ           ####....     1%          2    ###....


Dungeon Overview and Level Annotations

Branches:
Dungeon (6/15)
 Temple: D:4-7

Altars:


Innate Abilities, Weirdness & Mutations

You can bottle blood from corpses.
You have razor-sharp teeth.
You have supernaturally acute eyesight.
You can survive without breathing.
You have large cloven feet.
You are somewhat resistant to further mutation.
You are weak. (Str -2)
You expend magic power (6 MP) to slightly strengthen your wands.


Message History

You hit the orc priest but do no damage.
Your kick misses the orc priest.
The orc priest is severely wounded.
The orc priest mumbles some strange prayers to Beogh against you.
Something smites you!
* * * LOW HITPOINT WARNING * * *
You barely miss the orc priest.
The orc priest is severely wounded.
The orc priest hits you with a club.
* * * LOW HITPOINT WARNING * * *
Casting: Call Canine Familiar
Confirm with . or Enter, or press ? or * to list all spells.
You miscast Call Canine Familiar.
A fistful of eyes flickers past your view.
The orc priest closely misses you.
Drink which item? (? for menu, Esc to quit)
You feel yourself speed up.
The orc priest mumbles some strange prayers to Beogh against you.
Something smites you!
You die...

.#.........5.........#
.#...................#
.#...................#
.#...................#
###..##..#.....#.....#
###..###########....##
'.....# ##...## #.....#
#.....#
#..o..##########@....###.
(((.(.(o.......o.........
#.....###################
#..#..# #..#### ...(#
....# ...## ####


You could see an orc priest.

Vanquished Creatures
  An ogre (D:6)
  A goliath beetle (D:3)
  2 crimson imps (D:6)
  An orc priest (D:2)
  An orc wizard (D:3)
  A worker ant (D:6)
  A big kobold zombie (Ossuary)
  Ijyb (D:3)
  3 mummies (Ossuary)
  2 adders
  A worm (D:3)
  An iguana skeleton (D:6)
  3 giant geckos (D:3)
  2 oozes (D:3)
  6 orcs
  5 bats
  10 goblins
  11 hobgoblins
  A jackal (D:2)
  2 quokkas
  3 giant cockroaches
  A giant gecko skeleton (D:4)
  A giant newt (D:6)
  A hobgoblin zombie (Ossuary)
  9 kobolds
  14 rats
  2 ballistomycetes (D:6)
87 creatures vanquished.

Vanquished Creatures (collateral kills)
  A hippogriff (D:6)
  An ice beast (D:6)
  An ogre (D:6)
  2 giant frogs (D:6)
  A water moccasin skeleton (D:6)
  A goliath beetle (D:6)
  A crimson imp (D:6)
  2 orc wizards (D:6)
  An iguana (D:6)
  2 mummies (Ossuary)
  2 adders (D:2)
  A shadow imp (D:6)
  A worm (D:2)
  2 orcs (D:6)
  A goblin (D:3)
  A hobgoblin (D:6)
  A jackal (D:3)
22 creatures vanquished.

Vanquished Creatures (others)
  5 crimson imps
  13 hounds
  An iron imp (D:6)
  2 shadow imps (D:6)
  2 white imps (D:6)
  A quokka (D:2)
  A giant spore (D:6)
  A rat (D:2)
26 creatures vanquished.

Grand Total: 135 creatures vanquished

Notes
Turn   | Place    | Note
--------------------------------------------------------------
     0 | D:1      | PolkaDot, the Vampire Summoner, began the quest for the Orb.
     0 | D:1      | Reached XP level 1. HP: 13/13 MP: 3/3
   668 | D:1      | Reached XP level 2. HP: 14/20 MP: 4/4
  1003 | D:1      | Learned a level 2 spell: Call Imp
  1063 | D:2      | Reached skill level 1 in Fighting
  1298 | D:2      | Reached XP level 3. HP: 22/26 MP: 6/6
  1760 | D:2      | Reached skill level 5 in Summonings
  1920 | D:2      | Learned a level 3 spell: Call Canine Familiar
  2005 | D:2      | Reached XP level 4. HP: 31/33 MP: 1/7
  2259 | D:3      | Reached XP level 5. HP: 32/39 MP: 2/9
  2498 | D:3      | Noticed Ijyb
  2535 | D:3      | Killed Ijyb
  2535 | D:3      | Reached skill level 6 in Summonings
  2994 | D:5      | Entered Level 5 of the Dungeon
  3004 | D:5      | Found a sand-covered staircase.
  3021 | Ossuary  | Entered an ossuary
  3361 | D:6      | Reached XP level 6. HP: 13/46 MP: 7/10
  3610 | D:6      | HP: 2/47 [iguana (10)]
  3688 | D:6      | Reached skill level 7 in Summonings
  3791 | D:6      | Reached XP level 7. HP: 14/52 MP: 4/12
  4105 | D:6      | Reached skill level 8 in Summonings
  4561 | D:6      | Gained mutation: You have large cloven feet. [potion of mutation]
  4561 | D:6      | Gained mutation: You are weak. (Str -2) [potion of mutation]
  4561 | D:6      | Gained mutation: You are very weak. (Str -4) [potion of mutation]
  4562 | D:6      | Gained mutation: You are dopey. (Int -2) [potion of mutation]
  4562 | D:6      | Gained mutation: You expend magic power (6 MP) to slightly strengthen your wands. [potion of mutation]
  4563 | D:6      | Lost mutation: You are dopey. (Int -2) [potion of mutation]
  4563 | D:6      | Gained mutation: You are somewhat resistant to further mutation. [potion of mutation]
  4564 | D:6      | Lost mutation: You are very weak. (Str -4) [potion of mutation]
  4643 | D:6      | Killed from afar by an orc priest

Action                   |  1- 3 |  4- 6 |  7- 9 || total
-------------------------+-------+-------+-------++-------
Melee: Unarmed           |    34 |       |       ||    34
       Short sword       |   126 |    27 |       ||   153
       Club              |     2 |       |       ||     2
       Long sword        |       |   117 |    15 ||   132
 Fire: Hunting sling     |       |    91 |    53 ||   144
 Cast: Call Imp          |     4 |     8 |    16 ||    28
       Summon Small Mamm |     2 |       |       ||     2
       Call Canine Famil |     1 |    12 |    12 ||    25
  Use: Potion            |     4 |     1 |    12 ||    17
       Scroll            |     4 |     4 |     5 ||    13
 Stab: Sleeping          |     1 |     4 |       ||     5
       Distracted        |       |     2 |       ||     2
       Held in net/web   |       |     2 |       ||     2
  Eat: Corpse            |    11 |    13 |     6 ||    30
